 Dungeon Crawl Stone Soup version 0.28-a0-1130-gc51a68064b (webtiles) character file.

Game seed: 758027271247768239

703 ragingrage the Chopper (level 7, 0/38 HPs)
             Began as a Gargoyle Artificer on Dec 12, 2021.
             Slain by a two-headed ogre (6 damage)
             ... on level 7 of the Dungeon.
             The game lasted 00:05:55 (5582 turns).

ragingrage the Chopper (Gargoyle Artificer)         Turns: 5582, Time: 00:05:55

Health: 0/38       AC: 21    Str: 15    XL:     7   Next: 66%
Magic:  7/7        EV: 12    Int: 12    God:
Gold:   300        SH:  0    Dex: 12    Spells: 6/6 levels left

rFire   x . .      SeeInvis .   a - +0 hand axe (vorpal)
rCold   + + .      Faith    .   (no shield)
rNeg    + . .      Spirit   .   k - +0 ice dragon scales
rPois   ∞          Reflect  .   n - +0 helmet
rElec   +          Harm     .   (no cloak)
rCorr   .          Rampage  .   (no gloves)
Will    .....                   f - +1 pair of boots
Stlth   ..........              (no amulet)
HPRegen 0.12/turn               s - +4 ring of protection
MPRegen 0.10/turn               w - +4 ring of evasion

@: no status effects
A: sickness immunity, AC +4, negative energy resistance 1, electricity
resistance, torment resistance 1, petrification resistance
a: no special abilities


You were on level 7 of the Dungeon.
You visited 2 branches of the dungeon, and saw 8 of its levels.

You collected 300 gold pieces.

Inventory:

Hand Weapons
 a - a +0 vorpal hand axe (weapon)
 b - a +0 hunting sling
 C - a +2 trident of freezing
Missiles
 p - 43 sling bullets
Armour
 f - a +1 pair of boots (worn)
 k - +0 ice dragon scales (worn)
 n - a +0 helmet (worn)
 o - a +0 leather armour
Jewellery
 s - a +4 ring of protection (left hand)
 w - a +4 ring of evasion (right hand)
 z - a ring of flight
Wands
 c - a wand of flame (2) (quivered)
 d - a wand of charming (15)
Scrolls
 g - 3 scrolls of teleportation {unknown}
 i - a scroll of silence {unknown}
 j - a scroll of vulnerability {unknown}
 l - a scroll of magic mapping {unknown}
 u - a scroll of fog {unknown}
 v - 2 scrolls of enchant weapon {unknown}
 x - a scroll of torment {unknown}
 y - a scroll of identify {unknown}
 A - 2 scrolls of fear
Potions
 h - a potion of brilliance {unknown}
 m - a potion of cancellation {unknown}
 q - a potion of resistance {unknown}
 r - 2 potions of mutation {unknown}
 t - a potion of flight {unknown}
 B - 2 potions of magic {unknown}
Miscellaneous
 e - a piece from Xom's chessboard (15/15)


   Skills:
 - Level 1.2 Fighting
 * Level 7.3 Axes
 - Level 2.1 Armour
 - Level 0.7 Dodging
 - Level 1.1 Stealth
 - Level 2.7 Evocations


You had 6 spell levels left.
You didn't know any spells.
Your spell library contained the following spells:

 Spells                   Type           Power      Damage    Failure   Level
 Sandblast                Erth           0%         2d4       86%         1
 Blink                    Tloc           0%         N/A       95%         2
 Passwall                 Tmut/Erth      0%         N/A       95%         2
 Lesser Beckoning         Tloc           0%         N/A       99%         3
 Stone Arrow              Conj/Erth      0%         3d7       99%         3
 Manifold Assault         Tloc           0%         N/A       100%        5


Dungeon Overview and Level Annotations

Branches:
Dungeon (7/15)             Temple (1/1) D:4

Altars:
Dithmenos
Elyvilon
Fedhas
Gozag
Kikubaaqudgha
Makhleb
Nemelex Xobeh
Qazlal
Sif Muna
Uskayaw
Vehumet
Wu Jian
Zin

Shops:
D:5 (   D:6 =

Annotations:
D:3 Grinder
D:4 1 runed translucent door, exclusion: downstairs, siradein's ghost, novice PaFi


Innate Abilities, Weirdness & Mutations

You are immune to sickness and miasma.
Your stone body is resilient. (AC +4)
You are immune to poison.
You resist negative energy. (rN+)
You are resistant to electric shocks. (rElec)
You are resistant to unholy torment.
You are immune to petrification.


Message History

The puff of flame hits the two-headed ogre but does no damage.
The two-headed ogre is heavily wounded.
The two-headed ogre hits you with a +0 giant club.
The two-headed ogre hits you with a +0 giant club!
Aiming: Throw Flame
Press: ? - help, Shift-Dir - straight line, f/p - two-headed ogre
Aim: a two-headed ogre, wielding two +0 giant clubs (heavily wounded, 86% to hit)
The puff of flame hits the two-headed ogre.
The two-headed ogre is heavily wounded.
The two-headed ogre hits you with a +0 giant club!
* * * LOW HITPOINT WARNING * * *
The two-headed ogre closely misses you.
As you read the scroll of fear, it crumbles to dust.
You assume a fearsome visage.
The two-headed ogre looks frightened!
Unknown command.
Aiming: Throw Flame
Press: ? - help, Shift-Dir - straight line, f/p - two-headed ogre
Aim: a two-headed ogre, wielding two +0 giant clubs (moderately wounded, fleeing, 86% to hit)
The puff of flame hits the two-headed ogre.
The two-headed ogre is heavily wounded.
Your attack snaps the two-headed ogre out of its fear.
Aiming: Throw Flame
Press: ? - help, Shift-Dir - straight line, f/p - two-headed ogre
Aim: a two-headed ogre, wielding two +0 giant clubs (heavily wounded, 86% to hit)
The puff of flame hits the two-headed ogre!
The two-headed ogre is severely wounded.
Aiming: Throw Flame
Press: ? - help, Shift-Dir - straight line, f/p - two-headed ogre
Aim: a two-headed ogre, wielding two +0 giant clubs (severely wounded, 86% to hit)
The puff of flame hits the two-headed ogre.
The two-headed ogre is severely wounded.
The two-headed ogre barely misses you.
The two-headed ogre hits you but does no damage.
Aiming: Throw Flame
Press: ? - help, Shift-Dir - straight line, f/p - two-headed ogre
Aim: a two-headed ogre, wielding two +0 giant clubs (severely wounded, 86% to hit)
The puff of flame hits the two-headed ogre.
The two-headed ogre is severely wounded.
The two-headed ogre hits you with a +0 giant club.
You die...

######################
...............O@....#
###.################.#
#.. #.# #O## #.# ...
#.# #.# #.# #.# #.#
#.# #.# ###### #.#
#.....


You could see a two-headed ogre.

Vanquished Creatures
  An ogre (D:4)
  A phantom (D:4)
  A scorpion (D:6)
  A water moccasin skeleton (D:5)
  A jelly (D:6)
  2 hounds
  A bullfrog skeleton (D:5)
  A centaur skeleton (D:4)
  Jessica (D:2)
  2 iguanas
  Natasha (twice) (D:3)
  Robin (D:2)
  6 adders
  An adder skeleton (D:4)
  5 worms
  3 dart slugs
  4 orcs
  4 ball pythons
  3 bats
  8 endoplasms
  A giant cockroach (D:3)
  12 goblins
  10 hobgoblins
  3 jackals (D:2)
  2 kobolds (D:2)
  2 quokkas (D:2)
  4 rats
83 creatures vanquished.

Notes
Turn   | Place    | Note
-------+----------+-------------------------------------------
     0 | D:1      | ragingrage the Gargoyle Artificer began the quest for the
                  | Orb.
     0 | D:1      | Reached XP level 1. HP: 12/12 MP: 1/1
   477 | D:1      | Reached skill level 1 in Axes
   505 | D:1      | Reached XP level 2. HP: 12/16 MP: 2/2
   634 | D:1      | Found a faded altar of an unknown god.
  1070 | D:2      | Reached skill level 2 in Axes
  1070 | D:2      | Reached XP level 3. HP: 16/20 MP: 3/3
  1457 | D:2      | Noticed Robin
  1565 | D:2      | Reached skill level 3 in Axes
  1575 | D:2      | Reached XP level 4. HP: 24/25 MP: 4/4
  1642 | D:2      | Killed Robin
  2262 | D:2      | Noticed Jessica
  2272 | D:2      | Killed Jessica
  2550 | D:3      | Reached XP level 5. HP: 29/29 MP: 5/5
  2552 | D:3      | Noticed Natasha
  2563 | D:3      | Reached skill level 4 in Axes
  2567 | D:3      | Killed Natasha
  2731 | D:3      | Noticed Grinder
  2797 | D:3      | Noticed Natasha
  2811 | D:3      | Killed Natasha
  3109 | D:4      | Reached skill level 5 in Axes
  3109 | D:4      | Reached XP level 6. HP: 34/34 MP: 6/6
  3149 | D:4      | Found a glowing silver altar of Zin.
  3409 | D:4      | Found a staircase to the Ecumenical Temple.
  3427 | Temple   | Entered the Ecumenical Temple
  3943 | D:4      | Found a blossoming altar of Fedhas.
  3988 | D:4      | Reached skill level 6 in Axes
  3988 | D:4      | Reached XP level 7. HP: 22/38 MP: 7/7
  4211 | D:4      | Found a runed translucent door.
  4212 | D:4      | Noticed siradein's ghost (novice PaFi)
  4218 | D:4      | Identified the +3 short sword of Dominance {vorpal, rN+}
  4287 | D:5      | Entered Level 5 of the Dungeon
  4287 | D:5      | Noticed a yak
  4287 | D:5      | Noticed a yak
  4287 | D:5      | Noticed a yak
  4309 | D:5      | Found Kuotalea's Antique Weapon Boutique.
  4322 | D:6      | Found Uwkeloy's Jewellery Emporium.
  4371 | D:6      | Noticed a yak
  4785 | D:6      | Reached skill level 7 in Axes
  4966 | D:6      | Found a radiant altar of Vehumet.
  5559 | D:7      | Noticed a two-headed ogre
  5582 | D:7      | Slain by a two-headed ogre

Illustrated notes

Levels and vault maps discovered:
D:1:      wander_arrival_abandoned_jail, layout_basic,
          chequers_ecumenical_altar_twisty
D:2:      layout_basic, uniq_jessica, uniq_robin
D:3:      layout_loops_ring, uniq_natasha, uniq_grinder
D:4:      layout_gridville, mainiacjoe_overflow_small_starburst,
          amcnicky_altar_gilded, temple_fountains, gammafunk_ghost_grave
D:5:      layout_loops_corners, yredelemnul_altar_generic, chequers_avenue,
          nicolae_stop_n_shop_2
D:6:      layout_loops_ring, old_standard_altar, serial_shops,
          nicolae_shop_stone, lightli_corner_chamber
D:7:      layout_basic, kennysheep_slug_shrine, lemuel_doored_altar
Temple:   jpeg_temple_alley_garden

Skill      XL: |  1  2  3  4  5  6  7 |
---------------+----------------------+-----
Axes           | 1 2 3 5 6 7 |  7.3
Fighting       | |  1.2
Armour         | |  2.1
Dodging        | |  0.7
Stealth        | |  1.1
Evocations     | |  2.7

Action                   |  1- 3 |  4- 6 |  7- 9 || total
-------------------------+-------+-------+-------++-------
Melee: Hand axe          |   109 |   151 |    72 ||   332
       Club              |    13 |       |       ||    13
 Fire: Hunting sling     |       |    12 |       ||    12
Evoke: Wand              |       |     4 |     9 ||    13
  Use: Scroll            |       |       |     2 ||     2
Armor: Leather armour    |    22 |       |       ||    22
       Ice dragon scales |    57 |   112 |    39 ||   208
Dodge: Dodged            |    59 |    75 |    58 ||   192

Table legend: (Time is in decaauts)
 A = Elapsed time spent in this place.
 B = Non-inter-level travel time spent in this place.
 C = Inter-level travel time spent in this place.
 D = Time resting spent in this place.
 E = Time spent auto-exploring this place.
 F = Levels seen in this place.
 G = Mean time per level.
                   A        B        C        D        E       F      G
               +--------+--------+--------+--------+--------+-----+--------+
         Total |   5614 |   5275 |    339 |    603 |   3637 |   8 |  701.8 |
       Dungeon |   5380 |   5093 |    287 |    603 |   3462 |   7 |  768.6 |
        Temple |    234 |    182 |     52 |      0 |    175 |   1 |  234.0 |
               +--------+--------+--------+--------+--------+-----+--------+

Top non-repeatable levels by time:
     D:2: 1348 daAuts
     D:4: 1132 daAuts
     D:1: 1125 daAuts
     D:6: 1008 daAuts
     D:3: 500 daAuts
  Temple: 234 daAuts
     D:5: 143 daAuts
     D:7: 121 daAuts
